 Dungeon Crawl Stone Soup version 0.21.0-25-ge575cb9ce8 (webtiles) character file.

4 FreshCat the Thaumaturge (level 1, -1/19 HPs)
             Began as a Gnoll Wanderer on Jan 23, 2018.
             Slain by a leopard gecko (3 damage)
             ... on level 1 of the Dungeon.
             The game lasted 00:02:29 (30 turns).

FreshCat the Thaumaturge (Gnoll Wanderer)             Turns: 30, Time: 00:02:30

Health: -1/19      AC: 20    Str: 14    XL:     1   Next: 60%
Magic:  10/10      EV:  2    Int: 16    God:
Gold:   0          SH:  0    Dex: 12    Spells: 18/18 levels left

rFire    . . .     SeeInvis .   b - +2 blowgun
rCold    . . .     Gourm    .   (no shield)
rNeg     + + +     Faith    .   (armour currently unavailable)
rPois    +         Spirit   .   (helmet currently unavailable)
rElec    .         Reflect  .   (cloak currently unavailable)
rCorr    .         Harm     .   (gloves currently unavailable)
MR       .....     NoTele   +   (boots currently unavailable)
Stlth    +.........             (no amulet)
HPRegen  0.06/turn              (no ring)
MPRegen  0.12/turn              (no ring)

@: tree-form
A: distributed training, strong nose
a: no special abilities


You were on level 1 of the Dungeon.
You were not hungry.
You were a tree.
You visited 1 branch of the dungeon, and saw 1 of its levels.

Inventory:

Hand Weapons
 b - a +2 blowgun (weapon)
Armour
 e - a +0 robe (melded)
Books
 c - the Collected Works on Feathers

   Spells                             Type                      Level
   a - Swiftness                      Charms/Air                   2
   b - Poisonous Vapours              Poison/Air                   2
 d - the Reference Book on Transmigration

   Spells                             Type                      Level
   a - Passwall                       Transmutation/Earth          2
   b - Sticks to Snakes               Transmutation                2
Comestibles
 f - a ration


   Skills:
 + Level 0.0 Fighting
 + Level 0.0 Short Blades
 + Level 0.0 Long Blades
 + Level 0.0 Axes
 + Level 0.0 Maces & Flails
 + Level 0.0 Polearms
 + Level 0.0 Staves
 + Level 0.0 Slings
 + Level 0.0 Bows
 + Level 0.0 Crossbows
 + Level 4.4 Throwing
 + Level 0.0 Armour
 + Level 0.0 Dodging
 + Level 0.0 Stealth
 + Level 0.0 Shields
 + Level 0.0 Unarmed Combat
 + Level 9.2 Spellcasting
 + Level 0.0 Conjurations
 + Level 1.9 Hexes
 + Level 0.0 Charms
 + Level 5.3 Summonings
 + Level 0.0 Necromancy
 + Level 0.0 Translocations
 + Level 0.0 Transmutations
 + Level 0.0 Fire Magic
 + Level 0.0 Ice Magic
 + Level 0.0 Air Magic
 + Level 0.0 Earth Magic
 + Level 0.0 Poison Magic
 + Level 0.1 Invocations
 + Level 0.0 Evocations


You had 18 spell levels left.
You didn't know any spells.

Dungeon Overview and Level Annotations

Branches:
Dungeon (1/15)

Altars:


Innate Abilities, Weirdness & Mutations

Your experience applies equally to all skills.
((You have very sharp teeth.))
Your uncanny sense of smell can sniff out nearby items.


Message History

You clumsily bash the giant cockroach but do no damage.
The giant cockroach bites you but does no damage.
You clumsily bash the giant cockroach but do no damage.
The giant cockroach bites you but does no damage. x2
The leopard gecko bites you but does no damage.
You clumsily bash the giant cockroach but do no damage.
The leopard gecko bites you.
* * * LOW HITPOINT WARNING * * *
The giant cockroach barely misses you. The leopard gecko bites you.
* * * LOW HITPOINT WARNING * * *
The giant cockroach bites you but does no damage.
You clumsily bash the giant cockroach but do no damage.
The leopard gecko bites you but does no damage.
The giant cockroach bites you.
* * * LOW HITPOINT WARNING * * *
The giant cockroach bites you but does no damage.
The leopard gecko bites you but does no damage.
You clumsily bash the giant cockroach but do no damage.
The leopard gecko bites you.
You die...

#######.#######
... . #.# . ...
...##.#.#.##...
....#(#.#.#....
......#.#......
......(........
#....(........#
#######)#########
#..ls♣l......
#.########### #.
#


You could see 2 leopard geckos and a giant cockroach.

Vanquished Creatures
  A giant cockroach (D:1)
  A goblin (D:1)
  A hobgoblin (D:1)
3 creatures vanquished.

Notes
Turn   | Place    | Note
-------+----------+-------------------------------------------
     0 | D:1      | Reached skill level 9 in Spellcasting
     0 | D:1      | FreshCat the Gnoll Wanderer began the quest for the Orb.
     0 | D:1      | FreshCat set off with: 3 curare-tipped needles, a +2 blowgun, the Collected Works on Feathers, the Reference Book on Transmigration, a +0 robe, a ration
     0 | D:1      | Reached XP level 1. HP: 13/13 MP: 10/10
    30 | D:1      | Slain by a leopard gecko

Skill      XL: | |
---------------+-+-----
Spellcasting   | |  9.2
Throwing       | |  4.4
Hexes          | |  1.9
Summonings     | |  5.3
Invocations    | |  0.1

Action                   || total
-------------------------++-------
Melee: Blowgun           ||    13
       Bite              ||     1
 Fire: Blowgun           ||     4
  Use: Potion            ||     1
Armor: Skin              ||    12
       Robe              ||     4
Dodge: Dodged            ||     6
